 Dungeon Crawl Stone Soup version 0.27-a0-1191-g601b473118 (webtiles) character file.

Game seed: 2115314074485866142

182 mandarbmax the Chopper (level 5, -1/41 HPs)
             Began as a Formicid Fighter on May 25, 2021.
             Slain by a wyvern (15 damage)
             ... on level 4 of the Dungeon.
             The game lasted 00:02:59 (3114 turns).

mandarbmax the Chopper (Formicid Fighter)           Turns: 3114, Time: 00:02:59

Health: -1/41      AC:  6    Str: 22    XL:     5   Next: 93%
Magic:  5/5        EV:  8    Int:  7    God:
Gold:   207        SH:  9    Dex: 10    Spells: 4/4 levels left

rFire    . . .     SeeInvis +   a - +0 war axe
rCold    . . .     Faith    .   c - +0 kite shield
rNeg     . . .     Spirit   .   b - +0 scale mail
rPois    .         Reflect  .   (helmet unavailable)
rElec    .         Harm     .   (no cloak)
rCorr    .         Rampage  .   (no gloves)
Will     .....                  (no boots)
Stlth    ..........             (no amulet)
HPRegen  0.13/turn              (no ring)
MPRegen  0.09/turn              (no ring)

@: no status effects
A: permanent stasis, dig shafts and tunnels, antennae 3, four strong arms
a: Dig, Shaft Self


You were on level 4 of the Dungeon.
You visited 1 branch of the dungeon, and saw 4 of its levels.

You collected 207 gold pieces.

Inventory:

Hand Weapons
 a - a +0 war axe (weapon)
Missiles
 g - 47 bolts
Armour
 b - a +0 scale mail (worn)
 c - a +0 kite shield (worn)
Wands
 h - a wand of flame (21)
 j - a wand of digging (6)
Scrolls
 e - 4 scrolls of identify {unknown}
 f - a scroll of immolation {unknown}
 i - a scroll of brand weapon {unknown}
 l - a scroll of vulnerability {unknown}
 m - 2 scrolls of teleportation {unknown}
Potions
 d - a potion of might
 k - a potion of magic {unknown}
 n - a potion of cancellation {unknown}
 o - a potion of invisibility {unknown}


   Skills:
 - Level 3.2 Fighting
 + Level 5.5 Axes
 - Level 3.2 Armour
 - Level 4.0 Shields


You had 4 spell levels left.
You didn't know any spells.
Your spell library contained the following spells:

 Spells                   Type           Power      Damage    Failure   Level
 Confusing Touch          Hex            0%         N/A       100%        3
 Gell's Gravitas          Tloc           0%         N/A       100%        3
 Petrify                  Tmut/Erth      0%         N/A       100%        4
 Metabolic Englaciation   Hex/Ice        0%         N/A       100%        5
 Yara's Violent Unravell  Hex/Tmut       0%         3d3       100%        5


Dungeon Overview and Level Annotations

Branches:
Dungeon (3/15)

Altars:


Innate Abilities, Weirdness & Mutations

You cannot be hasted, slowed, berserked, paralysed or teleported.
You can dig through walls and to a lower floor.
You have a pair of large antennae on your head. (SInv)
Your four strong arms can wield two-handed weapons with a shield.


Message History

No target in view!
No target in view!
No target in view!
No target in view!
No target in view!
No target in view!
No target in view!
Found 17 poisoned darts.
A wyvern comes into view.
The wyvern hisses angrily.
A wyvern is nearby!
A wyvern is nearby!
The wyvern bites you.
Found a stone staircase leading down.
You barely miss the wyvern.
The wyvern bites you but does no damage.
The wyvern hisses menacingly.
You block the wyvern's attack.
You barely miss the wyvern. You block the wyvern's attack.
The wyvern bites you.
You barely miss the wyvern. You block the wyvern's attack.
The wyvern bites you!
You barely miss the wyvern. You block the wyvern's attack. x2
You barely miss the wyvern. The wyvern bites you. The wyvern bites you!
You are too injured to fight recklessly!
You are too injured to fight recklessly!
You are too injured to fight recklessly!
You are too injured to fight recklessly!
You are too injured to fight recklessly!
You are too injured to fight recklessly!
You are too injured to fight recklessly!
You are too injured to fight recklessly!
You are too injured to fight recklessly!
You are too injured to fight recklessly!
You are too injured to fight recklessly!
You are too injured to fight recklessly!
You are too injured to fight recklessly!
You are too injured to fight recklessly!
You barely miss the wyvern. The wyvern bites you!
You die...

..# #.# #.# #.# #.# #.#
##########.###
.............# .
>......@...#.# ######...
......l##....###....(...
....... #...............
......# #.#....#........
...... #.#....######...
...... ..#....# .. #####
##.##.#.# . #......#
####...##


You could see a wyvern.

Vanquished Creatures
  A jelly (D:4)
  An orc wizard (D:4)
  3 gnolls (D:2)
  5 adders (D:2)
  2 worms
  A dart slug (D:3)
  2 orcs (D:3)
  5 ball pythons
  3 endoplasms
  A giant cockroach (D:3)
  3 goblins
  4 hobgoblins
  7 kobolds
  A quokka (D:3)
  4 bats
  4 frilled lizards
  2 rats (D:1)
49 creatures vanquished.

Notes
Turn   | Place    | Note
-------+----------+-------------------------------------------
     0 | D:1      | mandarbmax the Formicid Fighter began the quest for the
                  | Orb.
     0 | D:1      | Reached XP level 1. HP: 18/18 MP: 1/1
   357 | D:1      | Reached XP level 2. HP: 18/24 MP: 2/2
   443 | D:1      | Found a faded altar of an unknown god.
   458 | D:1      | Found a faded altar of an unknown god.
   796 | D:1      | You fall into a shaft and drop 1 floor!
   844 | D:2      | Reached skill level 3 in Axes
   844 | D:2      | Reached XP level 3. HP: 21/29 MP: 3/3
   851 | D:2      | You fall into a shaft and drop 1 floor!
  1592 | D:3      | Reached XP level 4. HP: 35/35 MP: 4/4
  1981 | D:2      | Reached skill level 4 in Axes
  2565 | D:2      | Reached XP level 5. HP: 31/41 MP: 5/5
  2774 | D:2      | You fall into a shaft and drop 2 floors!
  2898 | D:4      | Reached skill level 5 in Axes
  3106 | D:4      | Noticed a wyvern
  3114 | D:4      | Slain by a wyvern

Illustrated notes

Levels and vault maps discovered:
D:1:      dpeg_arrival_fog, layout_rooms,
          hellmonk_ecumenical_altar_the_god_not_taken
D:2:      layout_basic, dk_vineyard_1, due_unseen_surprise
D:3:      layout_loops_ring, chequers_jeans, minmay_close_crescents
D:4:      layout_loops_cross, uniq_menkaure, uniq_grinder

Skill      XL: |  1  2  3  4  5 |
---------------+----------------+-----
Shields        | 4 |  4.0
Axes           | 3 4 5 |  5.5
Fighting       | |  3.2
Armour         | |  3.2

Action                   |  1- 3 |  4- 6 || total
-------------------------+-------+-------++-------
Melee: War axe           |    86 |    76 ||   162
 Abil: Dig               |     1 |     2 ||     3
       Shaft Self        |     1 |     1 ||     2
Armor: Scale mail        |    42 |    21 ||    63
Dodge: Dodged            |    26 |    17 ||    43
Block: Kite shield       |    39 |    47 ||    86

Table legend: (Time is in decaauts)
 A = Elapsed time spent in this place.
 B = Non-inter-level travel time spent in this place.
 C = Inter-level travel time spent in this place.
 D = Time resting spent in this place.
 E = Time spent auto-exploring this place.
 F = Levels seen in this place.
 G = Mean time per level.
                   A        B        C        D        E       F      G
               +--------+--------+--------+--------+--------+-----+--------+
         Total |   3195 |   3193 |      2 |    578 |   2152 |   4 |  798.8 |
       Dungeon |   3195 |   3193 |      2 |    578 |   2152 |   4 |  798.8 |
               +--------+--------+--------+--------+--------+-----+--------+

Top non-repeatable levels by time:
     D:3: 1146 daAuts
     D:2: 885 daAuts
     D:1: 817 daAuts
     D:4: 346 daAuts
